 Dungeon Sprint DCSS version 0.31-a0-408-gb642c7f9a3 (webtiles) character file.

Game seed: 6238029208676047022

28 zazu2006 the Protected (level 3, -2/32 HPs)
             Began as a Gnoll Wanderer on July 29, 2023.
             Slain by Crazy Yiuf
             ... wielding a +4 quarterstaff of chaos
              (3 damage)
             ... in the Dungeon (Sprint III: "The Ten Rune Challenge").
             The game lasted 00:00:54 (100 turns).

zazu2006 the Protected (Gnoll Wanderer)              Turns: 100, Time: 00:00:56

Health: -2/32      AC:  8    Str: 10    XL:     3   Next: 12%
Magic:  5/5        EV:  9    Int:  9    God:
Gold:   9          SH:  0    Dex: 16    Spells: 5/5 levels left

rFire   . . .        a - +2 quarterstaff
rCold   . . .        (shield currently unavailable)
rNeg    . . .        c - +0 scale mail
rPois   .            (no helmet)
rElec   .            (no cloak)
rCorr   .            (no gloves)
SInv    .            (no boots)
Will    .....        (no amulet)
Stlth   +            (no ring)
HPRegen 0.25/turn    (no ring)
MPRegen 0.09/turn

%: no teleportation
@: lethally poisoned (-2 -> -5)
A: fangs 1, strong nose, distributed training
a: no special abilities


You were in the Dungeon.
You visited 1 branch You collected 9 gold pieces.

Inventory:

Hand Weapons
 a - a +2 quarterstaff (weapon)
 b - a +0 hand axe
Armour
 c - a +0 scale mail (worn)
Scrolls
 j - a scroll of blinking
Potions
 d - a potion of brilliance
 e - a potion of curing
 f - a potion of heal wounds
 g - a potion of haste
 h - 2 potions of magic
 i - a potion of berserk rage


   Skills:
 + Level 4.9 Fighting
 + Level 1.8 Short Blades
 + Level 1.8 Long Blades
 + Level 3.2 Axes
 + Level 1.8 Maces & Flails
 + Level 1.8 Polearms
 + Level 4.9 Staves
 + Level 1.8 Ranged Weapons
 + Level 3.2 Throwing
 + Level 8.7 Armour
 + Level 1.8 Dodging
 + Level 1.8 Stealth
 + Level 1.8 Shields
 + Level 1.8 Unarmed Combat
 + Level 1.8 Spellcasting
 + Level 1.4 Conjurations
 + Level 1.4 Hexes
 + Level 1.4 Summonings
 + Level 1.4 Necromancy
 + Level 1.4 Translocations
 + Level 1.4 Transmutations
 + Level 1.4 Fire Magic
 + Level 1.4 Ice Magic
 + Level 1.4 Air Magic
 + Level 1.4 Earth Magic
 + Level 1.4 Poison Magic
 + Level 2.0 Invocations
 + Level 1.8 Evocations
 + Level 1.4 Shapeshifting


You had 5 spell levels left.
You didn't know any spells.
Your spell library was empty.

Dungeon Overview and Level Annotations

Branches:
Dungeon (1/1)

Altars:

Annotations:
D Crazy Yiuf


Innate Abilities, Weirdness & Mutations

You have very sharp teeth.
Your uncanny sense of smell can sniff out nearby items.
Your experience applies equally to all skills.


Message History

Your Evocations skill increases to level 1!
Your Shapeshifting skill increases to level 1!
You have reached level 2!
You have reached level 3!
Your experience leads to an increase in your attributes!
Increase (S)trength, (I)ntelligence, or (D)exterity?
You feel stronger. x2
Things that are here:
a +0 spectral club; a +0 robe You start resting.
Magic restored.
You start resting.
HP restored.
You open the door.
There is an open door here.
Crazy Yiuf the Enlightened comes into view.
He is wielding a +4 quarterstaff of chaos.
You aren't carrying any items that you can evoke.
You hit Crazy Yiuf.
Crazy Yiuf is moderately wounded.
Crazy Yiuf hits you with a +4 quarterstaff of chaos.
You are poisoned.
You hit Crazy Yiuf.
Crazy Yiuf is heavily wounded.
You feel sick. Crazy Yiuf closely misses you.
You thump Crazy Yiuf!
Crazy Yiuf is severely wounded.
You feel sick.
Crazy Yiuf hits you with a +4 quarterstaff of chaos!
Crazy Yiuf burns you.
* * * LOW HITPOINT WARNING * * *
You barely miss Crazy Yiuf.
Crazy Yiuf is severely wounded.
You feel sick. Crazy Yiuf hits you but does no damage.
You hit Crazy Yiuf. Your bite misses Crazy Yiuf.
Crazy Yiuf is almost dead.
You feel sick.
Crazy Yiuf hits you with a +4 quarterstaff of chaos!
* * * LOW HITPOINT WARNING * * *
Crazy Yiuf freezes you.
You die...

▓.....#....~♣♣
▓.....#...~~.♣
▓.....#..~~~~♣.
▓####'#..~≈≈~~~
▓(..).#g~~≈~~~.
▓.....#.~≈~~~..
▓.....#.~~~....
▓'#####........
▓..@g..........
▓▓▓▓▓▓▓▓▓▓▓▓▓▓▓
∆


You could see Crazy Yiuf.

Vanquished Creatures
  Jessica (D)
  An endoplasm (D)
  A rat (D)
3 creatures vanquished.

Notes
Turn   | Place    | Note
-------+----------+-------------------------------------------
     0 | D        | zazu2006 the Gnoll Wanderer began the quest for the Orb.
     0 | D        | zazu2006 set off with the following items: a +2
                  | quarterstaff, a +0 hand axe, a +0 scale mail, a potion of
                  | brilliance, a potion of curing, a potion of heal wounds, a
                  | potion of haste, 2 potions of magic, a potion of berserk
                  | rage, a scroll of blinking.
     0 | D        | Reached XP level 1. HP: 20/20 MP: 1/1
    15 | D        | Noticed Jessica
    20 | D        | Killed Jessica
    21 | D        | Reached skill level 1 in Short Blades
    21 | D        | Reached skill level 1 in Long Blades
    21 | D        | Reached skill level 1 in Maces & Flails
    21 | D        | Reached skill level 1 in Polearms
    21 | D        | Reached skill level 1 in Ranged Weapons
    21 | D        | Reached skill level 1 in Dodging
    21 | D        | Reached skill level 1 in Stealth
    21 | D        | Reached skill level 1 in Shields
    21 | D        | Reached skill level 1 in Unarmed Combat
    21 | D        | Reached skill level 1 in Spellcasting
    21 | D        | Reached skill level 1 in Conjurations
    21 | D        | Reached skill level 1 in Hexes
    21 | D        | Reached skill level 1 in Summonings
    21 | D        | Reached skill level 1 in Necromancy
    21 | D        | Reached skill level 1 in Translocations
    21 | D        | Reached skill level 1 in Transmutations
    21 | D        | Reached skill level 1 in Fire Magic
    21 | D        | Reached skill level 1 in Ice Magic
    21 | D        | Reached skill level 1 in Air Magic
    21 | D        | Reached skill level 1 in Earth Magic
    21 | D        | Reached skill level 1 in Poison Magic
    21 | D        | Reached skill level 1 in Evocations
    21 | D        | Reached skill level 1 in Shapeshifting
    21 | D        | Reached XP level 2. HP: 15/26 MP: 1/4
    21 | D        | Reached XP level 3. HP: 19/32 MP: 1/5
    84 | D        | Noticed Crazy Yiuf
   100 | D        | HP: 1/32 [Crazy Yiuf/+4 quarterstaff of chaos (7)]
   100 | D        | Slain by Crazy Yiuf

Illustrated notes

Levels and vault maps discovered:
D:        dungeon_sprint_mu [sprint_mu_entry_forest, sprint_mu_temple_rooms,
          sprint_mu_d1_horrors, sprint_mu_d2_genie, sprint_mu_d3_branching,
          sprint_mu_orc_legion, sprint_mu_elf_gauntlet, sprint_mu_hive_nellie,
          sprint_mu_lair_fedhas, sprint_mu_vaults_butterflies,
          sprint_mu_slime_circle, sprint_mu_swamp_cave, sprint_mu_shoals_archi,
          sprint_mu_blade_basic, sprint_mu_crypt_fortress,
          sprint_mu_tomb_spiral, sprint_mu_vestibule_basic,
          sprint_mu_gehenna_hellfire, sprint_mu_dis_giant,
          sprint_mu_tartarus_statrot, sprint_mu_cocytus_islands, sprint_mu_zot1]

Skill      XL: |  1 |
---------------+----+-----
Short Blades   | 1 |  1.8
Long Blades    | 1 |  1.8
Axes           | 3 |  3.2
Maces & Flails | 1 |  1.8
Polearms       | 1 |  1.8
Ranged Weapons | 1 |  1.8
Throwing       | 3 |  3.2
Dodging        | 1 |  1.8
Stealth        | 1 |  1.8
Shields        | 1 |  1.8
Unarmed Combat | 1 |  1.8
Spellcasting   | 1 |  1.8
Conjurations   | 1 |  1.4
Hexes          | 1 |  1.4
Summonings     | 1 |  1.4
Necromancy     | 1 |  1.4
Translocations | 1 |  1.4
Transmutations | 1 |  1.4
Fire Magic     | 1 |  1.4
Ice Magic      | 1 |  1.4
Air Magic      | 1 |  1.4
Earth Magic    | 1 |  1.4
Poison Magic   | 1 |  1.4
Invocations    | 2 |  2.0
Evocations     | 1 |  1.8
Shapeshifting  | 1 |  1.4
Fighting       | |  4.9
Staves         | |  4.9
Armour         | |  8.7

Action                     || total
---------------------------++-------
  Melee: Quarterstaff      ||    12
         Bite              ||     2
 Armour: Scale mail        ||     4
  Dodge: Dodged            ||     1

Table legend: (Time is in decaauts)
 A = Elapsed time spent in this place.
 B = Non-inter-level travel time spent in this place.
 C = Inter-level travel time spent in this place.
 D = Time resting spent in this place.
 E = Time spent auto-exploring this place.
 F = Levels seen in this place.
 G = Mean time per level.
                   A        B        C        D        E       F      G
               +--------+--------+--------+--------+--------+-----+--------+
         Total |    100 |    100 |      0 |     49 |      0 |   1 |  100.0 |
       Dungeon |    100 |    100 |      0 |     49 |      0 |   1 |  100.0 |
               +--------+--------+--------+--------+--------+-----+--------+

Top non-repeatable levels by time:
       D: 100 daAuts
